 Dungeon Crawl Stone Soup version 0.30.0-19-g36f170ea60 (webtiles) character file.

Game seed: 15095958257199269737

28 FishyPogo the Trooper (level 3, -1/33 HPs)
             Began as a Draconian Chaos Knight on May 30, 2023.
             Was a Plaything of Xom.
             Slain by an orc
             ... wielding a +1 hand axe of electrocution
              (12 damage)
             ... on level 3 of the Dungeon.
             The game lasted 00:04:28 (1533 turns).

FishyPogo the Trooper (Draconian Chaos Knight)      Turns: 1533, Time: 00:04:28

Health: -1/33      AC:  6    Str: 14    XL:     3   Next: 0%
Magic:  3/3        EV: 12    Int: 12    God:    Xom [.*....]
Gold:   109        SH:  0    Dex: 12    Spells: 2/2 levels left

rFire   . . .        a - +0 falchion (chaos)
rCold   . . .        (no shield)
rNeg    . . .        (body armour unavailable)
rPois   .            (helmet restricted)
rElec   .            (no cloak)
rCorr   .            r - +0 pair of gloves
SInv    .            (no boots)
Will    .....        (no amulet)
Stlth   +            (no ring)
HPRegen 0.25/turn    (no ring)
MPRegen 0.08/turn

%: no passive effects
@: no status effects
A: AC +5, unfitting armour, cold-blooded
a: Renounce Religion


You were on level 3 of the Dungeon.
You worshipped Xom.
You were a plaything of Xom.
You visited 1 branch of the dungeon, and saw 3 of its levels.

You collected 109 gold pieces.

Inventory:

Hand Weapons
 a - a +0 falchion of chaos (weapon)
Missiles
 c - 22 stones
 q - 4 poisoned darts
Armour
 l - a +0 tower shield
 r - a +0 pair of gloves (worn)
Scrolls
 d - a scroll of identify {unknown}
 e - 2 scrolls of teleportation {unknown}
 i - a scroll of noise {unknown}
 k - 2 scrolls of immolation {unknown}
 n - a scroll of fog {unknown}
 o - a scroll of vulnerability {unknown}
 p - a scroll of blinking {unknown}
Potions
 f - a potion of magic {unknown}
 g - 3 potions of heal wounds {unknown}
 h - a potion of invisibility {unknown}
 j - a potion of curing {unknown}
 m - 3 potions of mutation {unknown}
Miscellaneous
 b - a piece from Xom's chessboard (15/15) (quivered)


   Skills:
 * Level 4.0 Fighting
 + Level 3.3 Long Blades
 + Level 2.4 Dodging


You had 2 spell levels left.
You didn't know any spells.
Your spell library contained the following spells:

 Spells                   Type           Power      Damage    Failure   Level
 Apportation              Tloc           0%         N/A       32%         1
 Kiss of Death            Conj/Necr      0%         2d5       32%         1
 Confusing Touch          Hex            0%         N/A       69%         3
 Dispel Undead            Necr           0%         3d6       97%         4
 Alistair's Intoxication  Tmut/Pois      0%         N/A       100%        5


Dungeon Overview and Level Annotations

Branches:
Dungeon (3/15)

Altars:
Elyvilon


Innate Abilities, Weirdness & Mutations

Your plain brown scales are hard. (AC +5)
You cannot fit into any form of body armour.
You are cold-blooded and may be slowed by cold attacks.


Message History

You slash the bat!
You kill the bat!
You have reached level 3!
Your experience leads to an increase in your attributes!
Increase (S)trength, (I)ntelligence, or (D)exterity?
You feel agile. x2; Your scales feel tougher.
There is an open door here.
There is an open door here.
c - 16 stones (gained 2) Done exploring.
Done exploring.
(D) Dungeon
Where to? (Enter - D:2, ? - help)
There is a stone staircase leading down here.
You climb downwards.
Found a pair of gloves.
There is a stone staircase leading up here.
Found 6 stones.
Found a leather armour.
You see here a +0 pair of gloves.
You start putting on your armour.
You continue putting on your +0 pair of gloves. x4
You finish putting on your +0 pair of gloves.
c - 22 stones (gained 6)
You now have 109 gold pieces (gained 9). 4 orcs come into view.
An orc is wielding a +1 hand axe of electrocution.
You open the door.
There is an open door here.
You hit the orc but do no damage. The orc closely misses you.
You hit the orc but do no damage. The orc closely misses you.
You closely miss the orc.
The orc hits you with a +1 hand axe of electrocution.
You are electrocuted!!
Ouch! That really hurt!
You hit the orc but do no damage.
The orc hits you with a +1 hand axe of electrocution.
You are electrocuted!
You die...
Xom yawns loudly!

..####...
........
#####?.....
#...#.....#
#.oo#.....##
+..o#......
#..o#....###+##..
#...+..o@'......#
#...#....#......#
#...####......#
#...#.### ......#
#####...##......#
#.###.##......#
#.....##......#
#.######......##
#...............


You could see an orc.

Vanquished Creatures
  3 endoplasms
  A giant cockroach (D:1)
  3 goblins (D:1)
  5 hobgoblins
  A quokka (D:1)
  A ball python (D:1)
  2 bats
  A frilled lizard (D:1)
  5 kobolds
  4 rats
26 creatures vanquished.

Notes
Turn   | Place    | Note
-------+----------+-------------------------------------------
     0 | D:1      | FishyPogo the Draconian Chaos Knight began the quest for
                  | the Orb.
     0 | D:1      | Reached XP level 1. HP: 19/19 MP: 1/1
    37 | D:1      | XOM: silly message
    91 | D:1      | Reached XP level 2. HP: 21/26 MP: 2/2
   531 | D:1      | XOM: silly message
   581 | D:2      | Found a white marble altar of Elyvilon.
   914 | D:2      | Reached skill level 4 in Fighting
  1105 | D:2      | Found a faded altar of an unknown god.
  1346 | D:2      | Reached XP level 3. HP: 33/33 MP: 3/3
  1533 | D:3      | Slain by an orc

Illustrated notes

Levels and vault maps discovered:
D:1:      amcnicky_arrival_feature_with_door, layout_rooms
D:2:      layout_basic, basic_altar, ebering_ecumenical_altar_webs
D:3:      layout_basic, minivault_4, chequers_decorated_corner,
          minmay_distorted, uniq_natasha

Skill      XL: |  1  2 |
---------------+-------+-----
Fighting       | 4 |  4.0
Long Blades    | |  3.3
Dodging        | |  2.4

Action                     || total
---------------------------++-------
  Melee: Falchion          ||    74
         Tailslap          ||    10
   Stab: Sleeping          ||     1
 Armour: Skin              ||    21
  Dodge: Dodged            ||    38
